 Dungeon Crawl Stone Soup version 0.18.1-48-g4cf74bf (webtiles) character file.

124 MaCx the Magician (level 5, -7/28 HPs)
             Began as a Gargoyle Wizard on Sept 2, 2016.
             Killed by divine providence
             ... invoked by an orc priest
              (13 damage)
             ... on level 3 of the Dungeon.
             The game lasted 00:15:28 (3247 turns).

MaCx the Magician (Gargoyle Wizard)                 Turns: 3247, Time: 00:15:29

Health: -7/28      AC:  6    Str: 11    XL:     5   Next: 8%
Magic:  17/26      EV: 11    Int: 19    God:
Gold:   138        SH:  0    Dex:  8    Spells: 4 memorised, 3 levels left

rFire  . . .     SeeInvis .     l - staff of power
rCold  + . .     Gourm    .     a - +0 robe
rNeg   + . .     Faith    .     (no shield)
rPois  ∞         Spirit   .     b - +0 hat
rElec  +         Dismiss  .     (no cloak)
rCorr  .         Reflect  .     (no gloves)
SustAt .         Harm     .     (no boots)
MR     .....                    (no amulet)
Stlth  ++........               (no ring)
                                j - ring of protection from cold

@: very slightly contaminated, not resistant to hostile enchantments, unstealthy
A: negative energy resistance 1, electricity resistance, unbreathing,
petrification resistance, rot immunity, AC +4
a: no special abilities


You were on level 3 of the Dungeon.
You were not hungry.

You visited 1 branch of the dungeon, and saw 3 of its levels.

You collected 138 gold pieces.

Inventory:

Armour
 a - a +0 robe (worn)
 b - a +0 hat (worn)
Magical Staves
 l - an uncursed staff of power (weapon)
Jewellery
 j - a ring of protection from cold (left hand)
 r - a cursed ring of teleportation {unknown}
Scrolls
 i - a scroll of recharging {unknown}
 k - a scroll of noise {unknown}
 m - a scroll of teleportation
Potions
 e - a potion of curing {unknown}
 n - a potion of berserk rage {unknown}
 o - 2 potions of lignification {unknown}
 p - a potion of haste {unknown}
Books
 c - a book of Minor Magic

   Spells                             Type                      Level
   a - Magic Dart                     Conjuration                  1
   b - Blink                          Translocation                2
   c - Call Imp                       Summoning                    2
   d - Repel Missiles                 Charms/Air                   2
   e - Slow                           Hexes                        2
   f - Conjure Flame                  Conjuration/Fire             3
   g - Mephitic Cloud                 Conjuration/Poison/Air       3
Comestibles
 d - 3 bread rations
 f - 3 meat rations
 g - 2 royal jellies
 h - 2 beef jerkies


   Skills:
 - Level 1.5 Dodging
 - Level 2.1 Stealth
 + Level 4.2 Spellcasting
 + Level 3.6 Conjurations
   Level 0.8 Summonings
   Level 0.8 Translocations


You had 3 spell levels left.
You knew the following spells:

 Your Spells              Type           Power        Failure   Level  Hunger
a - Magic Dart            Conj           ###.         3%          1    None
b - Conjure Flame         Conj/Fire      ##......     21%         3    ###....
c - Mephitic Cloud        Conj/Pois/Air  #.......     28%         3    ###....
d - Repel Missiles        Chrm/Air       #.....       21%         2    #......


Dungeon Overview and Level Annotations

Branches:
Dungeon (3/15)

Altars:
Ashenzari
Makhleb
Nemelex Xobeh


Innate Abilities, Weirdness & Mutations

You are resistant to torment.
Your stone body is resilient (AC +4).
You are immune to poison.
You resist negative energy.
You are resistant to electric shocks.
You can survive without breathing.
You are immune to petrification.
You are immune to rotting.


Message History

Casting: Conjure Flame
Confirm with . or Enter, or press ? or * to list all spells.
Aiming: Mephitic Cloud
Press: ? - help, Shift-Dir - straight line, f/p - orc priest
Aim: an orc priest, wielding a mace (severely wounded)
You miscast Mephitic Cloud.
You are very lightly contaminated with residual magic.
Sparks fly from your hands!
The orc priest calls down the wrath of Beogh upon you.
Beogh smites you!
* * * LOW HITPOINT WARNING * * *
The orc priest miscasts a cantrip.
There is an open door here.
You close the door.
Things that are here:
a leather armour; a goblin corpse; an orc corpse An orc priest opens the door.
It is wielding a mace.
The orc priest invokes the aid of Beogh against you.
Beogh smites you!
You die...

##### #...# #########
#############...#########........
......(......)..@....[o.'........
...............##########........
##############.# ###....######
######## #...# ..#.#..[.....
##.....# #.### ##.#.##.......
##.....# #.# ....##o......
##.....# #.# #####.##.#..#####
.#.....#####.####....<......#
.'......................>.#.#


You could see an orc priest.

Vanquished Creatures
  3 adders
  2 oozes
  A worm (D:3)
  A dart slug (D:1)
  2 orcs (D:3)
  A ball python (D:2)
  6 giant cockroaches
  7 hobgoblins
  11 jackals
  2 quokkas (D:2)
  7 bats
  A giant gecko zombie (D:3)
  5 giant newts
  12 goblins
  8 kobolds
  8 rats
77 creatures vanquished.

Notes
Turn   | Place    | Note
--------------------------------------------------------------
     0 | D:1      | MaCx the Gargoyle Wizard began the quest for the Orb.
     0 | D:1      | Reached XP level 1. HP: 10/10 MP: 4/4
   269 | D:1      | Reached XP level 2. HP: 15/15 MP: 3/6
   987 | D:1      | Reached XP level 3. HP: 19/19 MP: 3/7
  1431 | D:1      | Learned a level 3 spell: Conjure Flame
  1490 | D:1      | Learned a level 3 spell: Mephitic Cloud
  1493 | D:1      | Learned a level 2 spell: Repel Missiles
  2078 | D:2      | Reached XP level 4. HP: 24/24 MP: 9/9
  2253 | D:2      | Found a shattered altar of Ashenzari.
  2539 | D:2      | Reached skill level 4 in Spellcasting
  2747 | D:2      | Found a sparkling altar of Nemelex Xobeh.
  2749 | D:2      | Found a burning altar of Makhleb.
  3217 | D:3      | Reached XP level 5. HP: 28/28 MP: 11/11
  3247 | D:3      | Killed from afar by an orc priest

Skill      XL: |  1  2  3  4 |
---------------+-------------+-----
Conjurations   | 2 3 |  3.6
Spellcasting   | 4 |  4.2
Dodging        | |  1.5
Stealth        | |  2.1
Summonings     | |  0.8
Translocations | |  0.8

Action                   |  1- 3 |  4- 6 || total
-------------------------+-------+-------++-------
Melee: Unarmed           |    36 |       ||    36
 Cast: Magic Dart        |   109 |    97 ||   206
  Use: Scroll            |     4 |       ||     4
  Eat: Chunk             |     3 |     4 ||     7
Armor: Robe              |    14 |     6 ||    20
Dodge: Dodged            |    36 |    13 ||    49
